[Event "*** Titled Tuesday 3|2 Blitz"]
[Site "Chess.com"]
[Date "2015.02.24"]
[Round "2"]
[White "1stSecond"]
[Black "Alexander_Donchenko"]
[Result "1/2-1/2"]
[WhiteElo "2347"]
[BlackElo "2392"]
[TimeControl "180+2"]
[EndTime "11:25:34 PST"]
[Termination "Game drawn - insufficient material"]

1. d4 Nf6 2. Nf3 e6 3. c4 b6 4. g3 Bb7 5. Bg2 Be7 6. O-O O-O 7. Nc3 Ne4 8. Qc2 Nxc3 9. Qxc3 Be4 10. Bf4 d6 11.
Rfd1 Nd7 12. b4 a5 13. a3 Ra7 14. Ne1 Bxg2 15. Nxg2 Qa8 16. b5 Rc8 17. Rac1 Qb7 18. Qd3 Raa8 19. e4 Rf8 20. h3 Rad8 21. Re1 e5 22.
Be3 Nf6 23. d5 Nd7 24. f4 exf4 25. gxf4 Bf6 26. Rc2 Rfe8 27. Rce2 Qc8 28. Kh2 Nf8 29.
Bd4 Bxd4 30. Qxd4 f6 31. e5 fxe5 32. fxe5 dxe5 33. Rxe5 Ng6 34. R5e4 Qd7 35. Qe3 Rxe4 36. Qxe4 Qd6+ 37. Kh1 Qxa3 38. Qe6+ Kh8 39. Rf1 Rf8 40.
Rxf8+ Qxf8 41. h4 a4 42. h5 Ne7 43. d6 cxd6 44. Qxd6 Qe8 45. Qxb6 Qxh5+ 46. Kg1 Qd1+ 47. Kh2 Qb3 48. Qa7 Ng8 49. b6 a3 50. b7 a2 51.
c5 a1=Q 52. Qxa1 Qxb7 53. Qe5 h6 54. Nf4 Nf6 55. Ng6+ Kh7 56. Nf8+ Kg8 57. Ng6 Kh7 58. Nf8+ Kg8 59. Qd6 Qb2+ 60. Kg1 Qc1+ 61. Kg2 Qc2+ 62. Kf3 Qe4+ 63. Kg3 Qg4+ 64. Kh2 Qh4+ 65. Kg1 Qe1+ 66.
Kg2 Qe4+ 67. Kg1 Ng4 68. Qe6+ Qxe6 69. Nxe6 Ne5 70. Nd4 Nd7 71. c6 Nb6 72. Nf5 Nc8 73. Kg2 Kf7 74. Kf3 h5 75. Kf4 g6 76. Ng3 Ne7 77. Nxh5 gxh5 78. Kg5 Nxc6 79. Kxh5 1/2-1/2

[Event "*** Titled Tuesday 3|2 Blitz"]
[Site "Chess.com"]
[Date "2015.02.24"]
[Round "2"]
[White "Imre91"]
[Black "Chesseducation4u"]
[Result "1-0"]
[WhiteElo "2571"]
[BlackElo "2219"]
[TimeControl "180+2"]
[EndTime "11:25:41 PST"]
[Termination "Imre91 won on time"]

1. d4 Nf6 2. Bg5 Ne4 3. Bh4 c6 4.
Nd2 Qa5 5. c3 Qh5 6. Ngf3 d5 7.
Qc2 g5 8. Bg3 Nxg3 9. fxg3 Nd7 10. O-O-O Bh6 11. g4 Qxg4 12. e4 Qh5 13. exd5 cxd5 14.
Bb5 g4 15. Ne5 Bf4 16. Rhe1 a6 17. Bxd7+ Bxd7 18. Qb3 O-O-O 19. Qxd5 Bxe5 20. Rxe5 Qxh2 21. Rxe7 Bc6 22. Qf5+ Kb8 23. Qxg4 Qxg2 24. Qf4+ Ka8 25. Rxf7 h5 26. c4 h4 27. d5 Bxd5 28. cxd5 h3 29. Qf3 Rxd5 30. Qxg2 hxg2 31. Rg7 Rc5+ 32. Nc4 Rxc4+ 33.
Kd2 Rh2 34. Rg1 Ra4 35. a3 Rc4 36. Kd3 Rc6 37. R7xg2 Rxg2 38. Rxg2 Ka7 39. Kd4 Kb6 40. Rg3 Rd6+ 41. Kc4 Rc6+ 42. Kd5 Rc5+ 43. Kd4 Rc6 44.
Rb3+ Kc7 45. Kd5 Rd6+ 46. Ke4 Rd2 47. Ke3 Rd5 48. Rb4 Kc6 49. Rg4 Rd6 50. Rg5 Kb6 51.
a4 Kc6 52. b3 Rd5 53. Rg7 Rd6 54. Rg4 Rd5 55. Rg8 Rd6 56. Rg7 Rd5 57. Ke4 Rd6 58.
Rh7 Rd1 59. Rh6+ Kc5 60. a5 Rd6 61. Rh7 Rd4+ 62. Ke5 Rb4 63. Rc7+ Kb5 64. Rxb7+ Kxa5 65. Ra7 Rxb3 66. Kd4 Rb6 67. Kc5 Rb1 68. Re7 1-0

[Event "*** Titled Tuesday 3|2 Blitz"]
[Site "Chess.com"]
[Date "2015.02.24"]
[Round "2"]
[White "exoticprincess"]
[Black "Kacparov"]
[Result "1-0"]
[WhiteElo "2776"]
[BlackElo "2442"]
[TimeControl "180+2"]
[EndTime "11:26:07 PST"]
[Termination "exoticprincess won by resignation"]

1. d4 Nf6 2. Nc3 d5 3. Bf4 c6 4.
Qd2 Nbd7 5. f3 b5 6. a3 Nb6 7. e3 Bf5 8. g4 Bg6 9. h4 h5 10. g5 Nfd7 11. Bh2 Nc4 12. Bxc4 bxc4 13. Nh3 e6 14. Nf4 Qb6 15. Nxg6 fxg6 16. O-O-O Be7 17. e4 O-O 18. Qe3 Rf7 19. Rhe1 Nf8 20. Kb1 a5 21. Ka1 Ra7 22. exd5 cxd5 23. Be5 Qc6 24. Re2 Rb7 25.
f4 Kh7 26. Qc1 Kg8 27. Rde1 Kh7 28. Re3 Kg8 29. Qd2 Kh7 30. Rb1 Kg8 31. Qg2 Kh7 32.
Rf3 Rf5 33. Ne2 Rf7 34. Ng3 Rb5 35. Qd2 Qd7 36. Ne2 Qc6 37. Rbf1 Qd7 38. Nc3 Rb7 39. Ne2 Qb5 40. Rb1 Bb4 41. Qe3 Be7 42. Nc3 Qc6 43. Rf2 Qd7 44. Re2 Qc6 45. Qh3 Qd7 46. Rbe1 Qc6 47. Re3 Qd7 48. Qf3 Qc6 49. Rb1 Qd7 50.
Qd1 Qc6 51. Ne2 Qd7 52. Ng3 Kg8 53. Qe2 Qb5 54. Ka2 Qd7 55. b3 Qb5 56. Qf1 Qc6 57.
bxc4 Rxb1 58. Kxb1 dxc4 59. Rc3 Qb7+ 60. Ka2 Nd7 61.
Qxc4 Nxe5 62. fxe5 Qb6 63. Rb3 Qd8 64. Qxe6 Qxd4 65.
Nf5 Qd8 66. Nxe7+ Qxe7 67. Qxe7 Rxe7 68. Re3 Kf7 69. e6+ Ke8 70. Kb3 Rc7 71. c4 Rc5 72.
Kc3 Ke7 73. Kd4 Rf5 74. c5 Rf4+ 75. Re4 Rf1 76. Kd5 Ra1 77. a4 Rb1 78. c6 Rc1 79. Rc4 Rd1+ 80. Kc5 Kxe6 81. Re4+ Kf5 82. Rd4 Re1 83.
c7 1-0

[Event "*** Titled Tuesday 3|2 Blitz"]
[Site "Chess.com"]
[Date "2015.02.24"]
[Round "3"]
[White "pKiLz5Rn9b"]
[Black "Schemato"]
[Result "1-0"]
[WhiteElo "2250"]
[BlackElo "2046"]
[TimeControl "180+2"]
[EndTime "11:30:29 PST"]
[Termination "pKiLz5Rn9b won by resignation"]

1. b3 e5 2. Bb2 d6 3. e3 Nc6 4.
Bb5 Bd7 5. Ne2 g6 6. O-O Bg7 7.
f4 Nge7 8. d4 O-O 9. d5 Nb8 10.
Bxd7 Nxd7 11. c4 a5 12. Nd2 Nf5 13. Rf3 exf4 14. Bxg7 Nxe3 15. Rxe3 fxe3 16. Bxf8 exd2 17. Bh6 Qh4 18. Bxd2 Nc5 19. Bc3 Ne4 20. Qd4 Nxc3 21. Qxh4 Nxe2+ 22. Kf2 Nc3 23. Re1 a4 24. Qf6 Nxa2 25.
Re7 Rf8 26. bxa4 1-0

[Event "*** Titled Tuesday 3|2 Blitz"]
[Site "Chess.com"]
[Date "2015.02.24"]
[Round "3"]
[White "GMNeiksans"]
[Black "Enozen"]
[Result "1-0"]
[WhiteElo "2511"]
[BlackElo "2466"]
[TimeControl "180+2"]
[EndTime "11:30:34 PST"]
[Termination "GMNeiksans won on time"]

1. e4 e5 2. Nf3 Nc6 3. Bb5 a6 4.
Ba4 Nf6 5. O-O b5 6. Bb3 Be7 7. d3 O-O 8. a4 b4 9. Nbd2 d6 10. h3 Be6 11. Nc4 Nd7 12. Be3 f6 13. Ncxe5 1-0

[Event "*** Titled Tuesday 3|2 Blitz"]
[Site "Chess.com"]
[Date "2015.02.24"]
[Round "3"]
[White "BeerLag"]
[Black "Konavets"]
[Result "0-1"]
[WhiteElo "2397"]
[BlackElo "2383"]
[TimeControl "180+2"]
[EndTime "11:30:52 PST"]
[Termination "Konavets won by resignation"]

1. e4 e5 2. Nf3 Nc6 3. Bb5 Nge7 4. O-O a6 5. Bc4 Ng6 6. d4 exd4 7. Nxd4 Bc5 8. Nxc6 bxc6 9. Nc3 O-O 10.
Bb3 d6 11. Qf3 Qh4 12. Qg3 Qh5 13. Be3 Bxe3 14. Qxe3 Kh8 15. f4 f5 16. e5 dxe5 17. fxe5 f4 18. Qe4 Bf5 19. Qxc6 Nxe5 20. Qxc7 Bg6 21.
Be6 Rae8 22. Bh3 f3 23. Rf2 fxg2 24. Rxf8+ Rxf8 25. Bxg2 Nf3+ 26. Bxf3 Qxf3 27. Qg3 Qf6 28. Qg2 Qb6+ 0-1

[Event "*** Titled Tuesday 3|2 Blitz"]
[Site "Chess.com"]
[Date "2015.02.24"]
[Round "3"]
[White "VerdeNotte"]
[Black "raskolnnikov"]
[Result "1-0"]
[WhiteElo "2536"]
[BlackElo "2275"]
[TimeControl "180+2"]
[EndTime "11:31:09 PST"]
[Termination "VerdeNotte won by resignation"]

1. g3 g6 2. Bg2 Bg7 3. d4 d5 4.
c4 c6 5. Nf3 Nf6 6. Nc3 O-O 7.
O-O dxc4 8. Ne5 Ng4 9. f4 Nxe5 10. dxe5 Qxd1 11. Rxd1 f6 12. exf6 exf6 13. e4 Nd7 14.
Be3 Re8 15. a4 Bf8 16. Bf1 Bc5 17. Bxc4+ Kf8 18. Kf2 a5 19. Kf3 Bxe3 20. Kxe3 Nc5 21.
Rd6 Nxe4 22. Nxe4 f5 23. Rf6+ Kg7 24. Rf7+ Kh6 25. g4 Rxe4+ 26. Kf3 g5 27. fxg5+ Kxg5 28. h4+ Kg6 29. gxf5+ Bxf5 30. Rg1+ Kh6 31. Rf6+ 1-0

[Event "*** Titled Tuesday 3|2 Blitz"]
[Site "Chess.com"]
[Date "2015.02.24"]
[Round "3"]
[White "FabianEnglert"]
[Black "Colombiano07"]
[Result "1-0"]
[WhiteElo "2236"]
[BlackElo "2015"]
[TimeControl "180+2"]
[EndTime "11:31:33 PST"]
[Termination "FabianEnglert won by resignation"]

1. Nf3 d5 2. g3 c6 3. c4 e6 4. Bg2 f5 5. O-O Nf6 6. d3 dxc4 7. dxc4 Qxd1 8. Rxd1 Nbd7 9. Bf4 Be7 10.
Nc3 O-O 11. Rab1 Nh5 12. Bc7 Nhf6 13. b4 Re8 14. c5 Nd5 15. Nxd5 exd5 16. e3 Bf6 17.
Nd4 Ne5 18. b5 Bd7 19. bxc6 Bxc6 20. Nxf5 Nc4 21. Nd6 Nxd6 22. cxd6 Re5 23. d7 Rf5 24. Bh3 Rh5 25. Be6+ Kf8 26. g4 Rh6 27. Bxd5 Bxd7 28. Bxb7 Re8 29. Rxd7 1-0

[Event "*** Titled Tuesday 3|2 Blitz"]
[Site "Chess.com"]
[Date "2015.02.24"]
[Round "3"]
[White "GedoGluperd"]
[Black "Zlatan56"]
[Result "0-1"]
[WhiteElo "2230"]
[BlackElo "2530"]
[TimeControl "180+2"]
[EndTime "11:31:35 PST"]
[Termination "Zlatan56 won by resignation"]

1. Nf3 Nf6 2. g3 g6 3. Bg2 Bg7 4. O-O O-O 5. d3 c5 6. c4 Nc6 7. Nc3 d6 8. Rb1 Qd7 9. a3 b6 10. Bd2 Bb7 11. b4 Rac8 12. Ne1 Nd4 13. Nc2 Bxg2 14.
Kxg2 e5 15. e4 Qb7 16. Ne3 Kh8 17. Ned5 Nxd5 18. Nxd5 f5 19. f3 Qd7 20. Be3 Ne6 21.
bxc5 dxc5 22. a4 Rf7 23. a5 bxa5 24. Ra1 f4 25. Bf2 fxg3 26. hxg3 Ng5 27. f4 Qh3+ 28.
Kg1 exf4 29. Nxf4 Rxf4 0-1

[Event "*** Titled Tuesday 3|2 Blitz"]
[Site "Chess.com"]
[Date "2015.02.24"]
[Round "3"]
[White "GasconJR"]
[Black "bsmail"]
[Result "1-0"]
[WhiteElo "2259"]
[BlackElo "2097"]
[TimeControl "180+2"]
[EndTime "11:32:04 PST"]
[Termination "GasconJR won by resignation"]

1. e4 c5 2. Nf3 d6 3. d4 cxd4 4.
Nxd4 Nf6 5. Nc3 g6 6. Be3 Bg7 7. f3 Nc6 8. Qd2 O-O 9. O-O-O d5 10. Qe1 e5 11. Nxc6 bxc6 12. exd5 Nxd5 13. Bc4 Be6 14. Ne4 Qc7 15. Bc5 Rfe8 16. g4 Nf4 17. Bxe6 Nxe6 18. Bd6 Qb6 19. Qc3 Nd4 20. Qc4 Qb5 21. Qxb5 cxb5 22. Rhf1 Rac8 23. c3 Ne2+ 24. Kb1 Red8 25. Be7 Rxd1+ 26. Rxd1 f5 27. gxf5 gxf5 28. Nd6 Rc7 29. Nxf5 Kf7 30. Bd8 Rb7 31. Nd6+ 1-0

[Event "*** Titled Tuesday 3|2 Blitz"]
[Site "Chess.com"]
[Date "2015.02.24"]
[Round "3"]
[White "facu57"]
[Black "1random"]
[Result "0-1"]
[WhiteElo "2072"]
[BlackElo "2025"]
[TimeControl "180+2"]
[EndTime "11:32:30 PST"]
[Termination "1random won by resignation"]

1. e4 c6 2. d4 d5 3. exd5 cxd5 4.
Nf3 Nc6 5. Bd3 Bg4 6. c3 e6 7. O-O Bd6 8. Re1 Nge7 9. Bg5 Qc7 10. h3 Bh5 11. Nbd2 O-O 12. Qc2 Bg6 13. a3 Rab8 14. Rac1 b5 15. Nf1 Na5 16. Ne3 Nc4 17. Bxe7 Bxe7 18. Ng4 Bxd3 19. Qxd3 Nxb2 20. Qe3 Nc4 21. Qd3 h6 22. Nfe5 Nxe5 23. Nxe5 Bxa3 24. Ra1 Bb2 25. Ra2 Qxc3 26. Qb1 Ba3 27. Re3 Qc1+ 28. Re1 Qxb1 29. Rxb1 b4 30. Nd7 Rbc8 31. Nxf8 Kxf8 32. Kf1 Rc4 33. Rd2 a5 34. Ke2 a4 35. Kd3 Rc3+ 36. Ke2 b3 37. g3 Bc1 38. Rd1 b2 39. Rd3 Rxd3 40. Kxd3 a3 41. Kc2 a2 42. Rxb2 a1=Q 43. Rb1 Qa2+ 44. Kxc1 Qxf2 45. Rb3 Qxd4 0-1

[Event "*** Titled Tuesday 3|2 Blitz"]
[Site "Chess.com"]
[Date "2015.02.24"]
[Round "3"]
[White "tac49"]
[Black "AndreyOstrovskiy"]
[Result "1-0"]
[WhiteElo "2397"]
[BlackElo "2334"]
[TimeControl "180+2"]
[EndTime "11:32:34 PST"]
[Termination "tac49 won by resignation"]

1. e4 e5 2. Nf3 Nc6 3. Bb5 a6 4. Ba4 Nf6 5. O-O Be7 6. Re1 b5 7. Bb3 d6 8. c3 O-O 9. d4 Bg4 10. Be3 Bh5 11. Nbd2 Ng4 12. Bd5 Nxe3 13. fxe3 Qe8 14. dxe5 Rd8 15. Bxc6 Qxc6 16. Nd4 Qc5 17. Qxh5 dxe5 18. N4b3 Qb6 19. Qe2 c5 20. c4 b4 21.
Nf3 a5 22. Rad1 a4 23. Nc1 Qg6 24. Qc2 a3 25. b3 h5 26. Rd5 h4 27. h3 Qg3 28. Red1 Rc8 29. Nd3 Rfe8 30. Nf2 Bf8 31.
Ng4 f6 32. Qf2 Rb8 33. Nxh4 Qxf2+ 34. Kxf2 1-0

[Event "*** Titled Tuesday 3|2 Blitz"]
[Site "Chess.com"]
[Date "2015.02.24"]
[Round "3"]
[White "mokerslag"]
[Black "gawk"]
[Result "1-0"]
[WhiteElo "2372"]
[BlackElo "2050"]
[TimeControl "180+2"]
[EndTime "11:32:42 PST"]
[Termination "mokerslag won by checkmate"]

1. e4 c6 2. d4 d5 3. e5 Bf5 4. h4 h5 5. Bg5 Qb6 6. Bd3 Bxd3 7. Qxd3 Qxb2 8. e6 Qxa1 9. Qb3 fxe6 10. Qxb7 Nd7 11.
Qxa8+ Kf7 12. Qb7 Ngf6 13. Nf3 Qxa2 14. O-O Qc4 15. Nbd2 Qxc2 16. Ra1 Qf5 17. Nf1 e5 18.
Ng3 Qe6 19. Be3 Kg8 20. Ng5 Qd6 21. dxe5 Nxe5 22. Bf4 Ne4 23. N3xe4 dxe4 24. Qb3+ e6 25. Nxe6 Kh7 26. Ng5+ Kg6 27. Bxe5 Qxe5 28. Qf7+ Kh6 29. Ra6 Bc5 30. Rxc6+ g6 31. Rxg6# 1-0

[Event "*** Titled Tuesday 3|2 Blitz"]
[Site "Chess.com"]
[Date "2015.02.24"]
[Round "3"]
[White "Kacparov"]
[Black "jup1978"]
[Result "0-1"]
[WhiteElo "2428"]
[BlackElo "2153"]
[TimeControl "180+2"]
[EndTime "11:32:48 PST"]
[Termination "jup1978 won by checkmate"]

1. b3 e5 2. Bb2 Nc6 3. e3 Nf6 4.
Bb5 Bd6 5. Ne2 a6 6. Bxc6 dxc6 7. Ng3 Qe7 8. d3 Bg4 9. Qc1 h5 10.
h3 Bd7 11. e4 h4 12. Ne2 O-O-O 13. Nd2 Nh5 14. Nc4 f5 15. exf5 Bxf5 16. O-O g5 17.
Ne3 Bd7 18. c4 Nf4 19. Qc2 Bc5 20. Rae1 Qe6 21. Nxf4 gxf4 22. Ng4 Qg6 23. Nxe5 Qf5 24. Nxd7 Rhg8 25. Kh2 f3 26. g4 hxg3+ 27. fxg3 Rxd7 28. Re5 Qxh3+ 29. Kxh3 Rh7+ 30. Rh5 Rxh5# 0-1

[Event "*** Titled Tuesday 3|2 Blitz"]
[Site "Chess.com"]
[Date "2015.02.24"]
[Round "3"]
[White "manitodeplomo"]
[Black "1stSecond"]
[Result "1/2-1/2"]
[WhiteElo "2336"]
[BlackElo "2347"]
[TimeControl "180+2"]
[EndTime "11:33:17 PST"]
[Termination "Game drawn - insufficient material"]

1. d4 Nf6 2. c4 c5 3. d5 b5 4. Qc2 bxc4 5. e4 d6 6. Bxc4 g6 7. Nc3 Bg7 8. Nf3 O-O 9. O-O Ne8 10. Bf4 Nc7 11. h3 Nd7 12. Rfe1 Ba6 13. Bxa6 Nxa6 14.
Rad1 Rb8 15. e5 dxe5 16. Nxe5 Nxe5 17. Bxe5 Bxe5 18. Rxe5 Qd6 19. Qe2 Rb7 20. Re1 Re8 21.
h4 c4 22. Qxc4 Rxb2 23. Nb5 Qb6 24. Nd4 Nb4 25. a3 Rd2 26. Qxb4 Rxd4 27. Qxb6 axb6 28. Rxe7 Rxe7 29. Rxe7 Rxd5 30. Rb7 Rb5 31. a4 Rb4 32. g3 Kg7 33. Kg2 h6 34. Kh2 Kf6 35. Kg2 Ke6 36. Kf3 h5 37. Kg2 f6 38. Kf3 Kf5 39. Kg2 g5 40.
hxg5 fxg5 41. Ra7 h4 42. gxh4 gxh4 43. a5 bxa5 44. Rxa5+ Kg4 45. Ra3 Rf4 46. Re3 h3+ 47. Rxh3 Rxf2+ 48. Kxf2 Kxh3 1/2-1/2

[Event "*** Titled Tuesday 3|2 Blitz"]
[Site "Chess.com"]
[Date "2015.02.24"]
[Round "3"]
[White "EltajSafarli"]
[Black "guillead1"]
[Result "1-0"]
[WhiteElo "2599"]
[BlackElo "2257"]
[TimeControl "180+2"]
[EndTime "11:33:22 PST"]
[Termination "EltajSafarli won by resignation"]

1. e4 g6 2. d4 Bg7 3. Nc3 c6 4. Nf3 d5 5. h3 Nf6 6. Bd3 dxe4 7. Nxe4 Nxe4 8. Bxe4 Nd7 9. O-O O-O 10. Bd3 e5 11. Bg5 Qb6 12. Re1 exd4 13. Bc4 Qc5 14. Bb3 Ne5 15. Nxd4 Ng4 16. Be7 Qxd4 17. Qxd4 Bxd4 18.
hxg4 Re8 19. c3 Bg7 20. f3 Be6 21. Bc5 Bxb3 22. axb3 a6 23. Bb6 Bf6 24. Kf2 Kg7 25. Rad1 Rxe1 26. Rxe1 a5 27. f4 h6 28. Ra1 Ra6 29. Bc7 b6 30. Ke3 Be7 31. Ke4 Bc5 32. b4 Ra7 33. Be5+ f6 34. bxc5 fxe5 35. cxb6 Rb7 36. b4 Rxb6 1-0

[Event "*** Titled Tuesday 3|2 Blitz"]
[Site "Chess.com"]
[Date "2015.02.24"]
[Round "3"]
[White "pedromartinez91"]
[Black "Rogue_King"]
[Result "1-0"]
[WhiteElo "2118"]
[BlackElo "2007"]
[TimeControl "180+2"]
[EndTime "11:33:23 PST"]
[Termination "pedromartinez91 won by resignation"]

1. e4 c6 2. d4 d5 3. Nd2 dxe4 4.
Nxe4 Bf5 5. Ng3 Bg6 6. h4 h6 7. Nf3 Nd7 8. h5 Bh7 9. Bd3 Bxd3 10. Qxd3 e6 11. Bf4 Qa5+ 12. Bd2 Bb4 13. c3 Be7 14. Ne4 Ngf6 15. c4 Qc7 16. g3 Nxe4 17. Qxe4 Nf6 18. Qe2 c5 19. Bf4 Qa5+ 20. Bd2 Qc7 21. Bc3 cxd4 22. Nxd4 Rc8 23. b3 O-O 24. O-O a6 25. Kg2 b5 26. Rac1 bxc4 27. Qf3 Ba3 28. Rc2 cxb3 29. axb3 Qd6 30. Rd1 Qd5 31. Qxd5 Nxd5 32.
Ba5 Rxc2 33. Nxc2 Rc8 34. Nxa3 Rb8 35. Rd3 Nf6 36. Rd8+ Rxd8 37. Bxd8 Nxh5 38. Nc2 g5 39. Nb4 a5 40. Nc6 Kf8 41. Nxa5 Ke8 42. Bb6 Kd7 43.
Bd4 f6 44. b4 e5 45. Ba7 Ng7 46. b5 Ne6 47. b6 Nc5 48. b7 Nxb7 49. Nxb7 h5 50. Be3 e4 51. Nc5+ 1-0

[Event "*** Titled Tuesday 3|2 Blitz"]
[Site "Chess.com"]
[Date "2015.02.24"]
[Round "3"]
[White "9ShMat2"]
[Black "Danirod"]
[Result "1-0"]
[WhiteElo "2440"]
[BlackElo "2363"]
[TimeControl "180+2"]
[EndTime "11:33:38 PST"]
[Termination "9ShMat2 won by resignation"]

1. e4 c5 2. c3 d5 3. exd5 Qxd5 4.
d4 Nc6 5. Nf3 e5 6. Bb5 cxd4 7.
Qe2 d3 8. Qxe5+ Qxe5+ 9. Nxe5 Ne7 10. Nxc6 Nxc6 11. Bxd3 Be6 12. Be3 O-O-O 13. Be2 Bd6 14. Nd2 Bc7 15. O-O-O Ne5 16. Bxa7 Nd3+ 17. Bxd3 Rxd3 18.
Bd4 Rd8 19. Rhe1 Bxa2 20. Kc2 R3xd4 21. cxd4 Bd5 22. Ra1 b6 23. f3 Rd7 24. Ne4 h6 25. Nc3 Be6 26. d5 Bf5+ 27. Kb3 Bxh2 28. Re8+ Kb7 29.
Raa8 f6 30. Rad8 Rf7 31. Rf8 Re7 32. Rde8 Rd7 33. g4 Bg6 34. Rd8 Re7 35. Nb5 Bf7 36.
Kb4 Bf4 37. Nc3 Bc7 38. d6 Bxd8 39. Rxd8 Re3 40. Rd7+ Kc6 41. Rxf7 Kxd6 42. f4 Rg3 43.
Ne4+ Kd5 1-0

[Event "*** Titled Tuesday 3|2 Blitz"]
[Site "Chess.com"]
[Date "2015.02.24"]
[Round "3"]
[White "PauloCesarCosta"]
[Black "CraiggoryC"]
[Result "1-0"]
[WhiteElo "2057"]
[BlackElo "1981"]
[TimeControl "180+2"]
[EndTime "11:33:40 PST"]
[Termination "PauloCesarCosta won by resignation"]

1. Nf3 Nf6 2. c4 e6 3. d4 d5 4.
Bg5 c6 5. e3 Nbd7 6. Nc3 Qa5 7.
Nd2 dxc4 8. Bxf6 Nxf6 9. Nxc4 Qd8 10. Be2 Bb4 11. Qb3 a5 12. O-O O-O 13. g3 b5 14.
Ne5 Bb7 15. a4 Rb8 16. axb5 cxb5 17. Bxb5 Bxc3 18. Qxc3 Qd5 19. Bc6 Bxc6 20. Qxc6 Rxb2 21. Qxd5 Nxd5 22. Rxa5 Rc8 23. Rfa1 Nb6 24. Ra7 f6 25. Nd3 Rd2 26. Nc5 e5 27. Rb1 exd4 28. exd4 Nd5 29. Rbb7 Rxd4 30. Rxg7+ Kh8 31. Rxh7+ Kg8 32. Rag7+ Kf8 33.
Ne6+ 1-0

[Event "*** Titled Tuesday 3|2 Blitz"]
[Site "Chess.com"]
[Date "2015.02.24"]
[Round "3"]
[White "Carolina-moon"]
[Black "ilmago"]
[Result "0-1"]
[WhiteElo "1926"]
[BlackElo "1884"]
[TimeControl "180+2"]
[EndTime "11:33:43 PST"]
[Termination "ilmago won on time"]

1. e4 c5 2. Nf3 d6 3. d4 cxd4 4.
Qxd4 Nc6 5. Bb5 Bd7 6. Bxc6 Bxc6 7. Nc3 Nf6 8. Bg5 e6 9. O-O-O Be7 10. Rhe1 Qa5 11.
Kb1 O-O 12. Qd2 Qb6 13. Nd4 Rac8 14. g4 Rfe8 15. f4 Nxg4 16. Bxe7 Rxe7 17. Rg1 Nf6 18. Qg2 g6 19. Nb3 d5 20. e5 Ne8 21. Ne2 Ng7 22. Ned4 Ba4 23. Qg5 Rec7 24. Rg3 Rc4 25.
Rgd3 Bxb3 26. axb3 R4c5 27. f5 Ra5 28. fxe6 fxe6 29. Qe7 Rac5 30. Rf1 R5c7 0-1

[Event "*** Titled Tuesday 3|2 Blitz"]
[Site "Chess.com"]
[Date "2015.02.24"]
[Round "3"]
[White "exoticprincess"]
[Black "igorkovalenko"]
[Result "1-0"]
[WhiteElo "2783"]
[BlackElo "2476"]
[TimeControl "180+2"]
[EndTime "11:33:59 PST"]
[Termination "exoticprincess won by resignation"]

1. b3 c5 2. Bb2 Nc6 3. e3 a6 4.
Nf3 d5 5. d4 cxd4 6. Nxd4 Nf6 7.
Nd2 e6 8. Be2 Bd6 9. O-O O-O 10.
c4 Qc7 11. N4f3 Qe7 12. a3 Rd8 13. Qc2 Bd7 14. Ng5 Be5 15. Rac1 Bxb2 16. Qxb2 h6 17.
Ngf3 Rac8 18. h3 Be8 19. b4 dxc4 20. Nxc4 Nd5 21. Rfd1 b5 22. Ncd2 Nb6 23. Ne4 Na4 24.
Qa1 Rxd1+ 25. Bxd1 Nb6 26. Nc5 a5 27. Be2 axb4 28.
Bxb5 bxa3 29. Qxa3 Nb8 30. Bxe8 Rxe8 31. Qa5 N6d7 32. Ne4 Nf6 33. Rc7 Qd8 34. Nxf6+ Qxf6 35. Ne5 Rf8 36. f4 Qf5 37. Qa7 g5 38. Rb7 gxf4 39.
Ng4 Nc6 40. Qa4 Qc5 41. Qxf4 Ne7 42. Qxh6 Nd5 43. Rd7 Ra8 44. Kh2 Qc3 45. Rxd5 Qc7+ 46. Re5 f5 47. Nf6+ 1-0

[Event "*** Titled Tuesday 3|2 Blitz"]
[Site "Chess.com"]
[Date "2015.02.24"]
[Round "3"]
[White "Ar4uha"]
[Black "FrankieJay"]
[Result "1-0"]
[WhiteElo "2448"]
[BlackElo "2213"]
[TimeControl "180+2"]
[EndTime "11:34:00 PST"]
[Termination "Ar4uha won by resignation"]

1. e4 c6 2. Nc3 d5 3. Qe2 d4 4.
Nd1 e5 5. g3 g6 6. f4 Bg7 7. d3 Nh6 8. Bh3 O-O 9. Nf2 f6 10. Nf3 Nf7 11. Bxc8 Qxc8 12. O-O Na6 13. Bd2 c5 14. h4 Nc7 15. fxe5 Nxe5 16. Nxe5 fxe5 17.
h5 Qe6 18. h6 Bf6 19. Ng4 Be7 20. Kg2 Rxf1 21. Rxf1 Rf8 22. Rxf8+ Bxf8 23. b3 Be7 24. Qf3 Ne8 25. Nf2 Qf6 26. Qg4 Qc6 27. Bg5 Bxg5 28. Qxg5 Qd6 29. Ng4 b6 30. a3 Qe6 31. a4 Nd6 32.
Nxe5 Nf7 33. Nxf7 Kxf7 34. Qf4+ Ke7 35. Qc7+ Kf6 36. Qxh7 Qg4 37. Qh8+ Kg5 38. Qe5+ Kxh6 39. Qf4+ Kh5 40. Qxg4+ Kxg4 41. Kf2 a6 42. Kg2 b5 43. axb5 axb5 44. Kf2 c4 45. bxc4 bxc4 46. dxc4 1-0

[Event "*** Titled Tuesday 3|2 Blitz"]
[Site "Chess.com"]
[Date "2015.02.24"]
[Round "3"]
[White "Rijeka1999"]
[Black "oggy1984"]
[Result "0-1"]
[WhiteElo "2252"]
[BlackElo "2205"]
[TimeControl "180+2"]
[EndTime "11:34:00 PST"]
[Termination "oggy1984 won by resignation"]

1. e4 e5 2. Nf3 Nc6 3. Bc4 Nf6 4.
d3 Be7 5. O-O O-O 6. Re1 d6 7.
c3 a6 8. Bb3 Bg4 9. h3 Be6 10.
Nbd2 Qd7 11. Nf1 Rad8 12. d4 Bxb3 13. Qxb3 b5 14. Ng3 g6 15. Bh6 Rfe8 16. dxe5 Nxe5 17. Nxe5 dxe5 18. a4 Qc6 19. axb5 axb5 20. Ra5 Rb8 21. Qa2 Bc5 22. Ra6 Bb6 23. Be3 Ra8 24. Bxb6 Rxa6 25. Qxa6 Ra8 26. Qa5 Rxa5 27. Bxa5 h5 28. f3 h4 29. Nf1 Nh5 30. Rd1 Nf4 31. Ne3 Qc5 32. Kf2 Nxg2 33. Kxg2 Qxe3 34. Rf1 c6 35. Bc7 Qd2+ 36.
Rf2 Qf4 37. Kf1 f6 38. Ke2 Qg3 39. Bd8 Kf7 40. Bc7 Qxh3 41. f4 Ke6 42. fxe5 fxe5 0-1

[Event "*** Titled Tuesday 3|2 Blitz"]
[Site "Chess.com"]
[Date "2015.02.24"]
[Round "3"]
[White "destroyer305"]
[Black "Aragon"]
[Result "0-1"]
[WhiteElo "2130"]
[BlackElo "2038"]
[TimeControl "180+2"]
[EndTime "11:34:12 PST"]
[Termination "Aragon won by resignation"]

1. e4 d5 2. exd5 Qxd5 3. Nc3 Qd6 4. Nf3 Nf6 5. g3 c6 6. Bg2 Bg4 7. d3 e6 8. O-O Nbd7 9. a3 Qc7 10. Bf4 Bd6 11.
Bxd6 Qxd6 12. Qe2 O-O 13. Rad1 Rfd8 14. Ne4 Qc7 15. h3 Bxf3 16. Qxf3 a5 17. h4 a4 18. h5 Nxe4 19. Qxe4 Nf6 20. Qh4 h6 21. Rfe1 Qa5 22. Re2 Qxh5 23. Qxh5 Nxh5 24. Re4 Nf6 25.
Rb4 Rd7 26. c4 Ra5 27. Bf3 Kf8 28. Kg2 Ke7 29. Be2 e5 30. Re1 Kd6 31. b3 axb3 32. Rxb3 Kc7 33. Reb1 Ra7 34. Bf3 Rd4 35. a4 Nd7 36.
Be2 Nc5 37. Ra3 Rxa4 38. Rc3 Ra2 39. Bf1 Rd2 40. Re1 f6 41. Re3 Ne6 42. Ra3 Kb8 43. Re1 Nc5 44. Re3 h5 45. Be2 h4 46. gxh4 Rxh4 47. Bf1 Ne6 48. Kg3 Rd4 49. Rb3 Rf4 50.
Bg2 Nd4 51. Rb6 Kc7 52. c5 Nf5+ 53. Kh2 Rfxf2 0-1

[Event "*** Titled Tuesday 3|2 Blitz"]
[Site "Chess.com"]
[Date "2015.02.24"]
[Round "3"]
[White "DoctorMove"]
[Black "LADIESGET2KNOWME"]
[Result "0-1"]
[WhiteElo "1751"]
[BlackElo "2291"]
[TimeControl "180+2"]
[EndTime "11:34:25 PST"]
[Termination "LADIESGET2KNOWME won by resignation"]

1. e4 e6 2. d4 d5 3. Nc3 Nf6 4. Bd3 c5 5. Bb5+ Bd7 6. Bxd7+ Qxd7 7. e5 cxd4 8. Qxd4 Nc6 9. Qa4 Nxe5 10. Qxd7+ Nexd7 11. f4 Bb4 12. Bd2 Rc8 13. O-O-O O-O 14. Nf3 Nc5 15. Ne5 Bxc3 16. Bxc3 Nce4 17. Bd4 b6 18.
Rhf1 Rc7 19. h3 Rfc8 20. c3 Nd7 21. f5 Nxe5 22. Bxe5 Rc4 23. fxe6 fxe6 24. Rf4 Rf8 25. Rdf1 Rxf4 26. Rxf4 b5 27. Rg4 g6 28. Rf4 Nc5 29. Rf3 Re4 30. Bd6 Nd7 31. Kd2 a5 32. g4 a4 33. g5 Ne5 34. Bxe5 Rxe5 35. h4 Re4 36. Rh3 Rg4 37. Rh2 Kf7 38. a3 Ke7 39. Kd3 Kd6 40. Kd2 e5 41. Rf2 Rxh4 42. Rf6+ Kc5 0-1